Bears vs Penguins
Created - November 30, 2022 at 19:15
Goals
|
| Bears |
0 |
1 |
0 |
1 |
| Penguins |
0 |
1 |
2 |
3 |
|
Shots
|
| Bears |
8 |
6 |
11 |
25 |
| Penguins |
7 |
15 |
12 |
34 |
|
1st period
No Goal
Penalties :
Iven Barbashev (Wil) for Hooking (Minor) at 15:42, Joey Laleggia (Her) for Hooking (Minor) at 15:48
2nd period
1. Bears , Nicolas Aube-Kubel 8 (Derek Forbort 4) at 1:47
2. Penguins , Sam Kurker 2 (Gavin Bayreuther 9, Cedric Paquette 10) at 9:51
Penalties :
Adam Brooks (Wil) for High sticking (Minor) at 6:00, Sam Carrick (Her) for High sticking (Minor) at 17:00
3rd period
3. Penguins , Evan Rodrigues 7 (Cedric Paquette 11) at 5:42 (PP)
4. Penguins , Iven Barbashev 6 (Anthony Beauvillier 4, Gavin Bayreuther 10) at 11:42
Penalties :
Sam Carrick (Her) for Holding (Minor) at 5:10, Max Friberg (Her) for Tripping (Minor) at 7:40, Kerby Rychel (Her) for Interference (Minor) at 13:44, Max Gortz (Wil) for Holding (Minor) at 16:13, Cedric Paquette (Wil) for Interference (Minor) at 19:05
Goalie Stats
Jake Allen (Her), 31 saves from 34 shots - (0.912), L, 4-5-1, 60:00 minutes
Connor Hellebyuk (Wil), 24 saves from 25 shots - (0.960), W, 3-2-1, 60:00 minutes
Players Stats for Bears
Player Name G A P +/- PIM S H SB GA TA FO MP PP MP PK MP
------------------------------------------------------------------------------------
A.J. Jenks 0 0 0 0 0 0 2 1 1 0 0/1 13:06 1:57 2:27
Angelo Esposito 0 0 0 0 0 0 1 0 0 0 0/3 10:52 0:00 1:37
Austin Wuthrich 0 0 0 0 0 2 3 0 0 0 0/0 8:48 0:00 0:00
Derek Forbort 0 1 1 1 0 1 3 4 0 1 0/0 21:10 2:24 2:37
Emil Johansson 0 0 0 -1 0 1 0 1 0 0 0/0 11:26 0:00 0:00
Gianluca Curcuruto 0 0 0 -1 0 0 2 0 0 0 0/0 11:26 0:00 0:00
Jamie McGinn 0 0 0 0 0 3 3 0 1 0 1/3 11:22 0:00 2:32
Joey Laleggia 0 0 0 -1 2 0 0 3 1 1 0/0 27:31 2:33 3:58
Joshua Leivo 0 0 0 0 0 0 1 0 1 0 0/0 9:25 0:00 0:00
Kerby Rychel 0 0 0 -1 2 3 2 1 0 0 0/0 21:25 3:01 2:38
Max Friberg 0 0 0 -1 2 3 0 0 2 1 4/8 21:29 3:01 2:52
Mike Hoffman 0 0 0 0 0 1 3 1 0 1 0/0 15:09 0:00 0:07
Mikko Vainonen 0 0 0 -1 0 3 0 1 0 0 0/0 29:08 2:34 4:15
Nicolas Aube-Kubel 1 0 1 0 0 6 4 0 0 0 0/0 16:47 1:57 0:29
Sam Carrick 0 0 0 -1 4 0 5 0 0 0 15/36 18:41 3:01 0:28
Tommy Vannelli 0 0 0 1 0 0 0 4 0 1 0/0 19:26 2:24 2:20
Vincent Dunn 0 0 0 0 0 0 1 0 0 0 0/1 8:30 0:00 0:00
Zach Stepan 0 0 0 0 0 2 0 0 0 0 6/12 15:46 1:57 0:00
Players Stats for Penguins
Player Name G A P +/- PIM S H SB GA TA FO MP PP MP PK MP
------------------------------------------------------------------------------------
Adam Brooks 0 0 0 1 2 2 1 0 0 0 7/13 17:34 2:57 0:17
Andrew O'Brien 0 0 0 -1 0 1 3 3 0 1 0/0 27:46 4:34 2:11
Anthony Beauvillier 0 1 1 1 0 1 2 0 0 1 1/1 16:29 2:51 0:00
Cedric Paquette 0 2 2 -1 2 5 1 2 0 0 21/32 22:22 3:38 2:01
Christopher Tanev 0 0 0 -1 0 0 4 2 2 1 0/0 27:46 4:34 2:11
Curtis Hamilton 0 0 0 0 0 1 1 0 1 0 0/0 11:50 0:00 1:39
Dakota Mermis 0 0 0 2 0 1 1 1 0 0 0/0 20:53 2:00 2:29
Danny Biega 0 0 0 0 0 0 0 1 0 0 0/0 11:21 0:01 0:18
Eetu Luostarinen 0 0 0 0 0 1 2 0 0 0 3/5 11:38 0:00 1:46
Evan Rodrigues 1 0 1 -1 0 4 1 0 0 1 0/1 19:19 3:38 0:00
Gavin Bayreuther 0 2 2 2 0 1 3 3 0 2 0/0 20:53 2:00 2:29
German Rubtsov 0 0 0 1 0 1 0 0 0 0 3/5 7:22 0:00 0:07
Iven Barbashev 1 0 1 1 2 5 0 0 0 0 0/2 17:59 2:57 1:27
Jeff Malott 0 0 0 1 0 1 0 0 1 0 0/0 7:10 0:00 0:00
John Marino 0 0 0 0 0 0 1 0 0 0 0/0 11:21 0:01 0:18
Kyle Connor 0 0 0 -1 0 4 3 0 1 0 3/4 23:01 3:38 2:39
Max Gortz 0 0 0 0 2 2 0 0 0 0 0/1 10:51 0:06 0:00
Sam Kurker 1 0 1 1 0 4 1 0 0 0 0/0 7:30 0:00 0:00
3 Stars
1 - Gavin Bayreuther (Wil)
2 - Connor Hellebyuk (Wil)
3 - Sam Kurker (Wil)
Power Play
Bears - 0 on 4 Attempt(s) - 0.00%
Penguins - 1 on 5 Attempt(s) - 20.00%
Penalty Kill
Bears - 4 on 5 Attempt(s) - 80.00%
- Score 0 goal in Penalty Kill
Penguins - 4 on 4 Attempt(s) - 100.00%
- Score 0 goal in Penalty Kill
Team Stat
Bears - Hits : 30 - Faceoff Wins : 26 - Blocked Shots : 16 - Penalty Minutes : 10
Penguins - Hits : 24 - Faceoff Wins : 38 - Blocked Shots : 12 - Penalty Minutes : 8
Official
Referees : Corey Syvret and Graham Skilliter
Linesman : Jonny Murray and Libor Suchanek
Game Notes
No Game Note
Finance
Level 1 -- Attendance: 1695 (84.75%) -- Ticket Income $59,325
Level 2 -- Attendance: 851 (85.10%) -- Ticket Income $12,765
Total Attendance: 2546 (84.87%)
Total Ticket Income: $72,090
Other Income: $3,604
Total Income: $75,694
Bears
5 vs 5 Forward
Center Left Wing Right Wing Time % Phy DF OF
1 Sam Carrick Kerby Rychel Max Friberg 40 1 2 2
2 Zach Stepan Mike Hoffman Nicolas Aube-Kubel 30 1 2 2
3 Angelo Esposito A.J. Jenks Joshua Leivo 20 1 2 2
4 Vincent Dunn Jamie McGinn Austin Wuthrich 10 1 2 2
5 vs 5 Defense
Defense Defense Time % Phy DF OF
1 Joey Laleggia Mikko Vainonen 40 1 2 2
2 Tommy Vannelli Derek Forbort 30 1 2 2
3 Gianluca Curcuruto Emil Johansson 20 1 2 2
4 Joey Laleggia Mikko Vainonen 10 1 2 2
PowerPlay Forward
Center Left Wing Right Wing Time % Phy DF OF
1 Sam Carrick Kerby Rychel Max Friberg 60 1 2 2
2 Zach Stepan A.J. Jenks Nicolas Aube-Kubel 40 1 2 2
PowerPlay Defense
Defense Defense Time % Phy DF OF
1 Joey Laleggia Mikko Vainonen 60 1 2 2
2 Tommy Vannelli Derek Forbort 40 1 2 2
Penalty Kill 4 Players Forward
Center Wing Time % Phy DF OF
1 Max Friberg Kerby Rychel 60 1 2 2
2 Sam Carrick Nicolas Aube-Kubel 40 1 2 2
Penalty Kill 4 Players Defense
Defense Defense Time % Phy DF OF
1 Joey Laleggia Mikko Vainonen 60 1 2 2
2 Tommy Vannelli Derek Forbort 40 1 2 2
Penalty Kill - 3 Players Forward
Forward Time % Phy DF OF
1 Max Friberg 60 1 2 2
2 Kerby Rychel 40 1 2 2
Penalty Kill - 3 Players Defense
Defense Defense Time % Phy DF OF
1 Joey Laleggia Mikko Vainonen 60 1 2 2
2 Tommy Vannelli Derek Forbort 40 1 2 2
4 vs 4 Forward
Center Wing Time % Phy DF OF
1 Max Friberg Kerby Rychel 60 1 2 2
2 Sam Carrick Nicolas Aube-Kubel 40 1 2 2
4 vs 4 Defense
Defense Defense Time % Phy DF OF
1 Joey Laleggia Mikko Vainonen 60 1 2 2
2 Tommy Vannelli Derek Forbort 40 1 2 2
Last Minutes Offensive
Center Left Wing Right Wing Defense Defense
Sam Carrick Kerby Rychel Max Friberg Joey Laleggia Mikko Vainonen
Last Minutes Defensive
Center Left Wing Right Wing Defense Defense
Sam Carrick Kerby Rychel Max Friberg Joey Laleggia Mikko Vainonen
Goaltenders
Starting : Jake Allen
Backup : Sami Aittokallio
Extra Forwards
Normal : Joshua Leivo, Mike Hoffman, Jamie McGinn - PP : Joshua Leivo, Mike Hoffman - PK : Jamie McGinn
Extra Defensemen
Normal : Joey Laleggia, Derek Forbort, Mikko Vainonen - PP : Joey Laleggia - PK : Joey Laleggia, Derek Forbort
Penalty Shots
Max Friberg, Kerby Rychel, Sam Carrick, Nicolas Aube-Kubel, Joshua Leivo
Scratches
Brett Bulmer (Healthy), Colby Cave (Healthy), Jesper Pettersson (Healthy), David Farrance (Healthy), Mackenze Stewart (Healthy)
Zack Hayes (Healthy), Jacob Bryson (Healthy), Mario Ferraro (Healthy), Michael Prapavessis (Bruised Right Leg Injury), Will Reilly (Healthy)
Kristians Rubins (Healthy), Nikolay Prokhorkin (Healthy), Ryan Graves (Healthy), Isaac Ratcliffe (Healthy), Cole Smith (Healthy)
Warren Foegele (Healthy), Logan O'Connor (Healthy), Nicholas Caamano (Healthy), Jakob Stenqvist (Healthy), Arvid Henrikson (Healthy)
Kirill Maksimov (Healthy)
Penguins
5 vs 5 Forward
Center Left Wing Right Wing Time % Phy DF OF
1 Cedric Paquette Kyle Connor Evan Rodrigues 40 1 2 2
2 Adam Brooks Iven Barbashev Anthony Beauvillier 30 1 2 2
3 Eetu Luostarinen Curtis Hamilton Max Gortz 20 1 2 2
4 German Rubtsov Jeff Malott Sam Kurker 10 1 2 2
5 vs 5 Defense
Defense Defense Time % Phy DF OF
1 Christopher Tanev Andrew O'Brien 40 1 2 2
2 Dakota Mermis Gavin Bayreuther 30 1 2 2
3 Danny Biega John Marino 20 1 2 2
4 Christopher Tanev Andrew O'Brien 10 1 2 2
PowerPlay Forward
Center Left Wing Right Wing Time % Phy DF OF
1 Cedric Paquette Kyle Connor Evan Rodrigues 60 1 2 2
2 Adam Brooks Iven Barbashev Anthony Beauvillier 40 1 2 2
PowerPlay Defense
Defense Defense Time % Phy DF OF
1 Christopher Tanev Andrew O'Brien 60 1 2 2
2 Dakota Mermis Gavin Bayreuther 40 1 2 2
Penalty Kill 4 Players Forward
Center Wing Time % Phy DF OF
1 Cedric Paquette Kyle Connor 60 1 2 2
2 Adam Brooks Iven Barbashev 40 1 2 2
Penalty Kill 4 Players Defense
Defense Defense Time % Phy DF OF
1 Christopher Tanev Andrew O'Brien 60 1 2 2
2 Dakota Mermis Gavin Bayreuther 40 1 2 2
Penalty Kill - 3 Players Forward
Forward Time % Phy DF OF
1 Cedric Paquette 60 1 2 2
2 Adam Brooks 40 1 2 2
Penalty Kill - 3 Players Defense
Defense Defense Time % Phy DF OF
1 Christopher Tanev Andrew O'Brien 60 1 2 2
2 Dakota Mermis Gavin Bayreuther 40 1 2 2
4 vs 4 Forward
Center Wing Time % Phy DF OF
1 Cedric Paquette Kyle Connor 60 1 2 2
2 Adam Brooks Iven Barbashev 40 1 2 2
4 vs 4 Defense
Defense Defense Time % Phy DF OF
1 Christopher Tanev Andrew O'Brien 60 1 2 2
2 Dakota Mermis Gavin Bayreuther 40 1 2 2
Last Minutes Offensive
Center Left Wing Right Wing Defense Defense
Cedric Paquette Kyle Connor Evan Rodrigues Christopher Tanev Andrew O'Brien
Last Minutes Defensive
Center Left Wing Right Wing Defense Defense
Cedric Paquette Kyle Connor Evan Rodrigues Christopher Tanev Andrew O'Brien
Goaltenders
Starting : Connor Hellebyuk
Backup : Jeremy Swayman
Extra Forwards
Normal : Iven Barbashev, Max Gortz, Sam Kurker - PP : Iven Barbashev, Max Gortz - PK : Iven Barbashev
Extra Defensemen
Normal : Gavin Bayreuther, Danny Biega, John Marino - PP : Gavin Bayreuther - PK : Gavin Bayreuther, Danny Biega
Penalty Shots
Evan Rodrigues, Kyle Connor, Cedric Paquette, Anthony Beauvillier, Iven Barbashev
Scratches
Brett Pollock (Healthy), Denis Malgin (Right Eye Injury), Josh Ho-Sang (Healthy), Juuso Ikonen (Healthy), Matthew Finn (Healthy)
Austin Strand (Healthy), Raphael Bussieres (Healthy), Steven Spinner (Healthy), Anthony Stolarz (Healthy)
% Time on Ice - Bears
Lines # - Real PCT - Wanted PCT - Time Play
Normal Forward
1 - 32% - 40% - 14:52
2 - 31% - 30% - 14:31
3 - 19% - 20% - 8:41
4 - 18% - 10% - 8:30
Normal Defense
1 - 41% - 40% - 18:52
2 - 32% - 30% - 14:42
3 - 23% - 20% - 10:46
4 - 5% - 10% - 2:14
PP Forward
1 - 61% - 60% - 3:01
2 - 39% - 40% - 1:57
PP Defense
1 - 52% - 60% - 2:34
2 - 48% - 40% - 2:24
PK Forward
1 - 93% - 60% - 6:06
2 - 7% - 40% - 0:29
PK Defense
1 - 65% - 60% - 4:15
2 - 35% - 40% - 2:20
PK3 Forward
1 - 0% - 60%
2 - 0% - 40%
PK3 Defense
1 - 0% - 60%
2 - 0% - 40%
44 Forward
1 - 75% - 60% - 1:25
2 - 25% - 40% - 0:28
44 Defense
1 - 100% - 60% - 1:53
2 - 0% - 40% - 0:00
Last Minute Offensive - 0:00
Last Minute Defensive - 0:00
Total
Forward - 60:00
Defense - 60:00
|
% Time on Ice - Penguins
Lines # - Real PCT - Wanted PCT - Time Play
Normal Forward
1 - 34% - 40% - 15:52
2 - 30% - 30% - 13:46
3 - 21% - 20% - 9:46
4 - 15% - 10% - 7:10
Normal Defense
1 - 40% - 40% - 18:49
2 - 33% - 30% - 15:35
3 - 22% - 20% - 10:11
4 - 4% - 10% - 1:59
PP Forward
1 - 55% - 60% - 3:38
2 - 45% - 40% - 2:57
PP Defense
1 - 70% - 60% - 4:35
2 - 30% - 40% - 2:00
PK Forward
1 - 91% - 60% - 4:30
2 - 9% - 40% - 0:28
PK Defense
1 - 50% - 60% - 2:29
2 - 50% - 40% - 2:29
PK3 Forward
1 - 0% - 60%
2 - 0% - 40%
PK3 Defense
1 - 0% - 60%
2 - 0% - 40%
44 Forward
1 - 73% - 60% - 1:23
2 - 27% - 40% - 0:30
44 Defense
1 - 57% - 60% - 1:04
2 - 43% - 40% - 0:49
Last Minute Offensive - 0:00
Last Minute Defensive - 0:00
Total
Forward - 60:00
Defense - 60:00
|
Play-by-Play
1st period
0:01 of 1st period - Sam Carrick wins face-off versus Cedric Paquette in neutral zone.
0:33 of 1st period - Slapshot by Iven Barbashev.
0:33 of 1st period - Shot Misses the Net.
0:49 of 1st period - Angelo Esposito is hit by Curtis Hamilton and loses puck.
1:10 of 1st period - Jeff Malott is hit by Austin Wuthrich and loses puck.
1:47 of 1st period - Max Friberg is hit by Andrew O'Brien.
2:13 of 1st period - Snap shot by Mike Hoffman.
2:13 of 1st period - Stopped by Connor Hellebyuk with a rebound.
2:17 of 1st period - Snap shot by Nicolas Aube-Kubel.
2:17 of 1st period - Stopped by Connor Hellebyuk with a rebound.
2:47 of 1st period - Andrew O'Brien is hit by Austin Wuthrich and loses puck.
2:53 of 1st period - Icing by Christopher Tanev.
2:54 of 1st period - German Rubtsov wins face-off versus Vincent Dunn in Penguins zone.
2:54 of 1st period - German Rubtsov is hit by Austin Wuthrich.
3:26 of 1st period - Snap shot by Austin Wuthrich.
3:26 of 1st period - Shot Hit the Post.
3:32 of 1st period - Slapshot by Austin Wuthrich.
3:32 of 1st period - Deflect By Andrew O'Brien.
3:32 of 1st period - Stopped by Connor Hellebyuk with a rebound.
3:50 of 1st period - Off-side.
3:51 of 1st period - Cedric Paquette wins face-off versus Max Friberg in neutral zone.
3:54 of 1st period - Snap shot by Kyle Connor.
3:54 of 1st period - Shot Misses the Net.
4:53 of 1st period - Slapshot by Gavin Bayreuther.
4:53 of 1st period - Shot Misses the Net.
4:55 of 1st period - Snap shot by Max Gortz.
4:55 of 1st period - Deflect By A.J. Jenks.
4:55 of 1st period - Shot Misses the Net.
4:55 of 1st period - Puck is out of play.
4:56 of 1st period - Cedric Paquette wins face-off versus Sam Carrick in Bears zone.
5:09 of 1st period - Evan Rodrigues is hit by Kerby Rychel and loses puck.
6:05 of 1st period - Icing by Curtis Hamilton.
6:06 of 1st period - Sam Carrick wins face-off versus Cedric Paquette in Penguins zone.
6:31 of 1st period - Wrist shot by Adam Brooks.
6:31 of 1st period - Stopped by Jake Allen without a rebound.
6:32 of 1st period - Zach Stepan wins face-off versus Adam Brooks in Bears zone.
6:47 of 1st period - Wrist shot by Iven Barbashev.
6:47 of 1st period - Shot Misses the Net.
6:57 of 1st period - Dakota Mermis is hit by Sam Carrick and loses puck.
7:24 of 1st period - Slapshot by Angelo Esposito.
7:24 of 1st period - Shot Blocked by Danny Biega.
7:26 of 1st period - Slapshot by Emil Johansson.
7:26 of 1st period - Shot Misses the Net.
7:54 of 1st period - Icing by Andrew O'Brien.
7:55 of 1st period - Adam Brooks wins face-off versus Zach Stepan in Penguins zone.
8:17 of 1st period - Icing by Evan Rodrigues.
8:18 of 1st period - Cedric Paquette wins face-off versus Sam Carrick in Penguins zone.
8:23 of 1st period - Wrist shot by Kyle Connor.
8:23 of 1st period - Shot Misses the Net.
8:34 of 1st period - Snap shot by Kerby Rychel.
8:34 of 1st period - Stopped by Connor Hellebyuk with a rebound.
8:54 of 1st period - Wrist shot by Nicolas Aube-Kubel.
8:54 of 1st period - Stopped by Connor Hellebyuk with a rebound.
10:02 of 1st period - Joey Laleggia is hit by Christopher Tanev and loses puck.
10:35 of 1st period - Snap shot by Cedric Paquette.
10:35 of 1st period - Stopped by Jake Allen without a rebound.
10:36 of 1st period - Adam Brooks wins face-off versus Sam Carrick in Bears zone.
10:37 of 1st period - Snap shot by Iven Barbashev.
10:37 of 1st period - Shot Blocked by Tommy Vannelli.
11:24 of 1st period - Slapshot by Sam Kurker.
11:24 of 1st period - Shot Misses the Net.
11:28 of 1st period - Snap shot by Sam Kurker.
11:28 of 1st period - Stopped by Jake Allen with a rebound.
11:30 of 1st period - Slapshot by Dakota Mermis.
11:30 of 1st period - Stopped by Jake Allen without a rebound.
11:31 of 1st period - Sam Carrick wins face-off versus Adam Brooks in Bears zone.
11:42 of 1st period - Off-side.
11:43 of 1st period - Sam Carrick wins face-off versus Adam Brooks in neutral zone.
12:15 of 1st period - Wrist shot by Nicolas Aube-Kubel.
12:15 of 1st period - Shot Misses the Net.
12:41 of 1st period - Off-side.
12:42 of 1st period - Sam Carrick wins face-off versus Adam Brooks in neutral zone.
12:47 of 1st period - Slapshot by Max Friberg.
12:47 of 1st period - Stopped by Connor Hellebyuk with a rebound.
12:55 of 1st period - Snap shot by Adam Brooks.
12:55 of 1st period - Stopped by Jake Allen without a rebound.
12:56 of 1st period - Sam Carrick wins face-off versus Cedric Paquette in Bears zone.
12:56 of 1st period - Sam Carrick is hit by Cedric Paquette.
13:09 of 1st period - Kerby Rychel is hit by Christopher Tanev and loses puck.
14:31 of 1st period - Gianluca Curcuruto is hit by Kyle Connor and loses puck.
15:29 of 1st period - Max Friberg is hit by Anthony Beauvillier and loses puck.
15:42 of 1st period - Minor Penalty to Iven Barbashev for Hooking.
15:43 of 1st period - Cedric Paquette wins face-off versus Sam Carrick in Penguins zone.
15:48 of 1st period - Minor Penalty to Joey Laleggia for Hooking.
15:49 of 1st period - Max Friberg wins face-off versus Cedric Paquette in Bears zone.
16:02 of 1st period - Snap shot by Kerby Rychel.
16:02 of 1st period - Stopped by Connor Hellebyuk without a rebound.
16:03 of 1st period - Max Friberg wins face-off versus Cedric Paquette in Penguins zone.
16:28 of 1st period - Derek Forbort is hit by Andrew O'Brien and loses puck.
16:45 of 1st period - Derek Forbort is hit by Kyle Connor and loses puck.
16:52 of 1st period - Dakota Mermis is hit by Nicolas Aube-Kubel and loses puck.
17:17 of 1st period - Curtis Hamilton is hit by Gianluca Curcuruto and loses puck.
17:24 of 1st period - Slapshot by Andrew O'Brien.
17:24 of 1st period - Shot Blocked by Mike Hoffman.
17:42 of 1st period - Penalty to Iven Barbashev is over, Iven Barbashev is back on ice.
17:48 of 1st period - Penalty to Joey Laleggia is over, Joey Laleggia is back on ice.
17:49 of 1st period - Slapshot by Iven Barbashev.
17:49 of 1st period - Shot Misses the Net.
17:55 of 1st period - Snap shot by Iven Barbashev.
17:55 of 1st period - Stopped by Jake Allen without a rebound.
17:56 of 1st period - German Rubtsov wins face-off versus Angelo Esposito in Bears zone.
17:57 of 1st period - Backhand shot by Sam Kurker.
17:57 of 1st period - Stopped by Jake Allen with a rebound.
19:04 of 1st period - Slapshot by Mikko Vainonen.
19:04 of 1st period - Stopped by Connor Hellebyuk with a rebound.
19:23 of 1st period - Angelo Esposito is hit by Gavin Bayreuther and loses puck.
19:49 of 1st period - Dakota Mermis is hit by Mike Hoffman and loses puck.
Goals for this period are 0 for Bears vs 0 for Penguins.
Shots for this period are 8 for Bears vs 7 for Penguins.
2nd period
0:01 of 2nd period - Cedric Paquette wins face-off versus Sam Carrick in neutral zone.
0:06 of 2nd period - Snap shot by Cedric Paquette.
0:06 of 2nd period - Stopped by Jake Allen without a rebound.
0:07 of 2nd period - Cedric Paquette wins face-off versus Sam Carrick in Bears zone.
0:08 of 2nd period - Wrist shot by Kyle Connor.
0:08 of 2nd period - Deflect By Max Friberg.
0:08 of 2nd period - Stopped by Jake Allen with a rebound.
0:42 of 2nd period - Wrist shot by Nicolas Aube-Kubel.
0:42 of 2nd period - Shot Misses the Net.
0:56 of 2nd period - Max Gortz is hit by A.J. Jenks and loses puck.
1:13 of 2nd period - Slapshot by Mikko Vainonen.
1:13 of 2nd period - Shot Misses the Net.
1:15 of 2nd period - Slapshot by Sam Carrick.
1:15 of 2nd period - Deflect By Max Friberg.
1:15 of 2nd period - Shot Misses the Net.
1:15 of 2nd period - Puck is out of play.
1:16 of 2nd period - Sam Carrick wins face-off versus German Rubtsov in Penguins zone.
1:33 of 2nd period - Slapshot by Sam Kurker.
1:33 of 2nd period - Stopped by Jake Allen without a rebound.
1:34 of 2nd period - Zach Stepan wins face-off versus Cedric Paquette in Bears zone.
1:47 of 2nd period - Snap shot by Nicolas Aube-Kubel.
1:47 of 2nd period - Goal by Nicolas Aube-Kubel - Bears : 1 - Penguins : 0.
1:48 of 2nd period - Cedric Paquette wins face-off versus Sam Carrick in neutral zone.
1:55 of 2nd period - Snap shot by Evan Rodrigues.
1:55 of 2nd period - Stopped by Jake Allen with a rebound.
1:57 of 2nd period - Snap shot by Kyle Connor.
1:57 of 2nd period - Deflect By Evan Rodrigues.
1:57 of 2nd period - Deflect By Max Friberg.
1:57 of 2nd period - Shot Misses the Net.
1:57 of 2nd period - Puck is out of play.
1:58 of 2nd period - Cedric Paquette wins face-off versus Sam Carrick in Bears zone.
2:11 of 2nd period - Cedric Paquette is hit by Kerby Rychel and loses puck.
2:26 of 2nd period - Slapshot by Mikko Vainonen.
2:26 of 2nd period - Deflect By Max Friberg.
2:26 of 2nd period - Shot Misses the Net.
2:26 of 2nd period - Puck is out of play.
2:27 of 2nd period - Zach Stepan wins face-off versus Adam Brooks in Penguins zone.
2:42 of 2nd period - Snap shot by Iven Barbashev.
2:42 of 2nd period - Stopped by Jake Allen with a rebound.
2:52 of 2nd period - Nicolas Aube-Kubel is hit by Sam Kurker and loses puck.
3:03 of 2nd period - Slapshot by Derek Forbort.
3:03 of 2nd period - Stopped by Connor Hellebyuk without a rebound.
3:04 of 2nd period - Sam Carrick wins face-off versus Evan Rodrigues in Penguins zone.
3:17 of 2nd period - Joey Laleggia is hit by Evan Rodrigues and loses puck.
3:44 of 2nd period - Joey Laleggia is hit by Adam Brooks and loses puck.
4:21 of 2nd period - Off-side.
4:22 of 2nd period - German Rubtsov wins face-off versus Zach Stepan in neutral zone.
4:29 of 2nd period - Snap shot by Jeff Malott.
4:29 of 2nd period - Stopped by Jake Allen without a rebound.
4:30 of 2nd period - Cedric Paquette wins face-off versus Sam Carrick in Bears zone.
4:42 of 2nd period - Slapshot by Kyle Connor.
4:42 of 2nd period - Stopped by Jake Allen without a rebound.
4:43 of 2nd period - Kyle Connor wins face-off versus Sam Carrick in Bears zone.
5:32 of 2nd period - Snap shot by Jamie McGinn.
5:32 of 2nd period - Stopped by Connor Hellebyuk with a rebound.
5:46 of 2nd period - Vincent Dunn is hit by Christopher Tanev and loses puck.
6:00 of 2nd period - Minor Penalty to Adam Brooks for High sticking.
6:01 of 2nd period - Cedric Paquette wins face-off versus Sam Carrick in Penguins zone.
6:16 of 2nd period - Slapshot by Max Friberg.
6:16 of 2nd period - Shot Misses the Net.
7:24 of 2nd period - Dakota Mermis is hit by Derek Forbort and loses puck.
7:45 of 2nd period - Max Friberg is hit by Eetu Luostarinen and loses puck.
8:00 of 2nd period - Penalty to Adam Brooks is over, Adam Brooks is back on ice.
8:29 of 2nd period - A.J. Jenks is hit by Anthony Beauvillier and loses puck.
8:56 of 2nd period - Joey Laleggia is hit by Christopher Tanev and loses puck.
9:47 of 2nd period - Slapshot by Cedric Paquette.
9:47 of 2nd period - Stopped by Jake Allen with a rebound.
9:51 of 2nd period - Wrist shot by Sam Kurker.
9:51 of 2nd period - Goal by Sam Kurker - Bears : 1 - Penguins : 1.
9:52 of 2nd period - Cedric Paquette wins face-off versus Sam Carrick in neutral zone.
10:28 of 2nd period - Snap shot by Nicolas Aube-Kubel.
10:28 of 2nd period - Shot Misses the Net.
10:30 of 2nd period - Slapshot by Joey Laleggia.
10:30 of 2nd period - Shot Misses the Net.
10:32 of 2nd period - Wrist shot by Zach Stepan.
10:32 of 2nd period - Stopped by Connor Hellebyuk with a rebound.
11:06 of 2nd period - Sam Kurker is hit by Derek Forbort and loses puck.
11:11 of 2nd period - Snap shot by Austin Wuthrich.
11:11 of 2nd period - Deflect By Jamie McGinn.
11:11 of 2nd period - Shot Misses the Net.
11:11 of 2nd period - Puck is out of play.
11:12 of 2nd period - Cedric Paquette wins face-off versus Sam Carrick in Penguins zone.
11:12 of 2nd period - Cedric Paquette is hit by Sam Carrick.
11:20 of 2nd period - Slapshot by Dakota Mermis.
11:20 of 2nd period - Shot Misses the Net.
11:26 of 2nd period - Snap shot by Max Friberg.
11:26 of 2nd period - Stopped by Connor Hellebyuk without a rebound.
11:27 of 2nd period - Adam Brooks wins face-off versus Zach Stepan in Penguins zone.
11:36 of 2nd period - Slapshot by Iven Barbashev.
11:36 of 2nd period - Stopped by Jake Allen with a rebound.
11:40 of 2nd period - Slapshot by Iven Barbashev.
11:40 of 2nd period - Deflect By Nicolas Aube-Kubel.
11:40 of 2nd period - Stopped by Jake Allen with a rebound.
12:23 of 2nd period - A.J. Jenks is hit by Dakota Mermis and loses puck.
12:44 of 2nd period - Snap shot by Sam Kurker.
12:44 of 2nd period - Shot Misses the Net.
13:10 of 2nd period - Iven Barbashev is hit by Mike Hoffman and loses puck.
13:17 of 2nd period - Adam Brooks is hit by Nicolas Aube-Kubel and loses puck.
13:48 of 2nd period - Slapshot by Iven Barbashev.
13:48 of 2nd period - Deflect By Anthony Beauvillier.
13:48 of 2nd period - Shot Blocked by Tommy Vannelli.
13:48 of 2nd period - Puck is out of play.
13:49 of 2nd period - Sam Carrick wins face-off versus Cedric Paquette in Bears zone.
13:54 of 2nd period - Snap shot by Sam Carrick.
13:54 of 2nd period - Shot Blocked by Christopher Tanev.
14:24 of 2nd period - Christopher Tanev is hit by A.J. Jenks and loses puck.
14:45 of 2nd period - Snap shot by Austin Wuthrich.
14:45 of 2nd period - Stopped by Connor Hellebyuk without a rebound.
14:46 of 2nd period - Cedric Paquette wins face-off versus Sam Carrick in Penguins zone.
14:55 of 2nd period - Snap shot by Cedric Paquette.
14:55 of 2nd period - Stopped by Jake Allen with a rebound.
15:35 of 2nd period - Gavin Bayreuther is hit by Mike Hoffman and loses puck.
15:52 of 2nd period - Anthony Beauvillier is hit by Vincent Dunn and loses puck.
16:15 of 2nd period - Dakota Mermis is hit by Sam Carrick and loses puck.
16:53 of 2nd period - Slapshot by Kyle Connor.
16:53 of 2nd period - Shot Blocked by Joey Laleggia.
16:55 of 2nd period - Snap shot by Cedric Paquette.
16:55 of 2nd period - Stopped by Jake Allen with a rebound.
16:57 of 2nd period - Snap shot by Evan Rodrigues.
16:57 of 2nd period - Stopped by Jake Allen without a rebound.
16:58 of 2nd period - Sam Carrick wins face-off versus Eetu Luostarinen in Bears zone.
17:00 of 2nd period - Minor Penalty to Sam Carrick for High sticking.
17:01 of 2nd period - Adam Brooks wins face-off versus Max Friberg in Bears zone.
17:01 of 2nd period - Snap shot by Anthony Beauvillier.
17:01 of 2nd period - Shot Blocked by Mikko Vainonen.
17:05 of 2nd period - Snap shot by Iven Barbashev.
17:05 of 2nd period - Shot Blocked by Kerby Rychel.
18:03 of 2nd period - Jamie McGinn is hit by Gavin Bayreuther and loses puck.
18:52 of 2nd period - Anthony Beauvillier is hit by Angelo Esposito and loses puck.
19:00 of 2nd period - Penalty to Sam Carrick is over, Sam Carrick is back on ice.
19:05 of 2nd period - Wrist shot by Max Gortz.
19:05 of 2nd period - Deflect By Curtis Hamilton.
19:05 of 2nd period - Shot Blocked by Derek Forbort.
19:05 of 2nd period - Puck is out of play.
19:06 of 2nd period - Zach Stepan wins face-off versus Eetu Luostarinen in Bears zone.
19:40 of 2nd period - Slapshot by John Marino.
19:40 of 2nd period - Shot Misses the Net.
19:42 of 2nd period - Snap shot by German Rubtsov.
19:42 of 2nd period - Stopped by Jake Allen with a rebound.
19:54 of 2nd period - Snap shot by A.J. Jenks.
19:54 of 2nd period - Shot Blocked by Andrew O'Brien.
19:56 of 2nd period - Slapshot by Gianluca Curcuruto.
19:56 of 2nd period - Shot Blocked by Andrew O'Brien.
19:58 of 2nd period - Snap shot by A.J. Jenks.
19:58 of 2nd period - Shot Blocked by Andrew O'Brien.
Goals for this period are 1 for Bears vs 1 for Penguins.
Shots for this period are 6 for Bears vs 15 for Penguins.
3rd period
0:01 of 3rd period - Cedric Paquette wins face-off versus Sam Carrick in neutral zone.
1:11 of 3rd period - Wrist shot by Gavin Bayreuther.
1:11 of 3rd period - Shot Blocked by Tommy Vannelli.
1:17 of 3rd period - Danny Biega is hit by Derek Forbort and loses puck.
1:38 of 3rd period - Joshua Leivo is hit by John Marino and loses puck.
1:55 of 3rd period - Slapshot by Nicolas Aube-Kubel.
1:55 of 3rd period - Stopped by Connor Hellebyuk with a rebound.
1:57 of 3rd period - Slapshot by Zach Stepan.
1:57 of 3rd period - Shot Misses the Net.
1:59 of 3rd period - Wrist shot by Emil Johansson.
1:59 of 3rd period - Stopped by Connor Hellebyuk with a rebound.
2:01 of 3rd period - Snap shot by Zach Stepan.
2:01 of 3rd period - Stopped by Connor Hellebyuk with a rebound.
2:03 of 3rd period - Snap shot by Mikko Vainonen.
2:03 of 3rd period - Shot Blocked by Gavin Bayreuther.
2:23 of 3rd period - Emil Johansson is hit by Gavin Bayreuther and loses puck.
2:36 of 3rd period - Evan Rodrigues is hit by Jamie McGinn and loses puck.
2:55 of 3rd period - Andrew O'Brien is hit by Joshua Leivo and loses puck.
3:46 of 3rd period - John Marino is hit by Sam Carrick and loses puck.
4:20 of 3rd period - Snap shot by Jamie McGinn.
4:20 of 3rd period - Stopped by Connor Hellebyuk with a rebound.
4:22 of 3rd period - Wrist shot by Austin Wuthrich.
4:22 of 3rd period - Shot Blocked by Cedric Paquette.
4:32 of 3rd period - John Marino is hit by Jamie McGinn and loses puck.
5:03 of 3rd period - Off-side.
5:04 of 3rd period - Sam Carrick wins face-off versus German Rubtsov in neutral zone.
5:10 of 3rd period - Minor Penalty to Sam Carrick for Holding.
5:11 of 3rd period - Kyle Connor wins face-off versus Max Friberg in Bears zone.
5:26 of 3rd period - Snap shot by Kyle Connor.
5:26 of 3rd period - Stopped by Jake Allen with a rebound.
5:40 of 3rd period - Wrist shot by Anthony Beauvillier.
5:40 of 3rd period - Deflect By Iven Barbashev.
5:40 of 3rd period - Shot Misses the Net.
5:40 of 3rd period - Puck is out of play.
5:41 of 3rd period - Cedric Paquette wins face-off versus Max Friberg in Bears zone.
5:42 of 3rd period - Wrist shot by Evan Rodrigues.
5:42 of 3rd period - Goal by Evan Rodrigues - Bears : 1 - Penguins : 2.
5:43 of 3rd period - Sam Carrick wins face-off versus Kyle Connor in neutral zone.
5:46 of 3rd period - Evan Rodrigues is hit by Sam Carrick and loses puck.
5:53 of 3rd period - Wrist shot by Cedric Paquette.
5:53 of 3rd period - Shot Blocked by Joey Laleggia.
6:17 of 3rd period - Snap shot by Iven Barbashev.
6:17 of 3rd period - Shot Blocked by Joey Laleggia.
6:19 of 3rd period - Snap shot by Adam Brooks.
6:19 of 3rd period - Shot Misses the Net.
6:21 of 3rd period - Snap shot by Anthony Beauvillier.
6:21 of 3rd period - Shot Misses the Net.
6:33 of 3rd period - Slapshot by Mikko Vainonen.
6:33 of 3rd period - Stopped by Connor Hellebyuk without a rebound.
6:34 of 3rd period - Eetu Luostarinen wins face-off versus Angelo Esposito in Penguins zone.
6:41 of 3rd period - Snap shot by Dakota Mermis.
6:41 of 3rd period - Shot Misses the Net.
7:01 of 3rd period - Slapshot by Max Gortz.
7:01 of 3rd period - Stopped by Jake Allen with a rebound.
7:03 of 3rd period - Slapshot by Gavin Bayreuther.
7:03 of 3rd period - Shot Blocked by Derek Forbort.
7:05 of 3rd period - Slapshot by Dakota Mermis.
7:05 of 3rd period - Shot Misses the Net.
7:15 of 3rd period - Slapshot by Gavin Bayreuther.
7:15 of 3rd period - Shot Misses the Net.
7:17 of 3rd period - Wrist shot by Eetu Luostarinen.
7:17 of 3rd period - Shot Misses the Net.
7:19 of 3rd period - Slapshot by Gavin Bayreuther.
7:19 of 3rd period - Shot Blocked by Tommy Vannelli.
7:21 of 3rd period - Slapshot by Eetu Luostarinen.
7:21 of 3rd period - Stopped by Jake Allen with a rebound.
7:23 of 3rd period - Snap shot by Eetu Luostarinen.
7:23 of 3rd period - Deflect By Curtis Hamilton.
7:23 of 3rd period - Stopped by Jake Allen without a rebound.
7:24 of 3rd period - Cedric Paquette wins face-off versus Zach Stepan in Bears zone.
7:25 of 3rd period - Backhand shot by Evan Rodrigues.
7:25 of 3rd period - Shot Misses the Net.
7:27 of 3rd period - Slapshot by Evan Rodrigues.
7:27 of 3rd period - Deflect By Cedric Paquette.
7:27 of 3rd period - Shot Misses the Net.
7:27 of 3rd period - Puck is out of play.
7:28 of 3rd period - Cedric Paquette wins face-off versus Zach Stepan in Bears zone.
7:35 of 3rd period - Slapshot by Evan Rodrigues.
7:35 of 3rd period - Stopped by Jake Allen without a rebound.
7:36 of 3rd period - Cedric Paquette wins face-off versus Sam Carrick in Bears zone.
7:40 of 3rd period - Minor Penalty to Max Friberg for Tripping.
7:41 of 3rd period - Jamie McGinn wins face-off versus Cedric Paquette in Bears zone.
8:34 of 3rd period - Dakota Mermis is hit by Jamie McGinn and loses puck.
9:40 of 3rd period - Penalty to Max Friberg is over, Max Friberg is back on ice.
10:00 of 3rd period - Icing by Curtis Hamilton.
10:01 of 3rd period - Zach Stepan wins face-off versus Max Gortz in Penguins zone.
10:08 of 3rd period - Snap shot by Max Gortz.
10:08 of 3rd period - Stopped by Jake Allen without a rebound.
10:09 of 3rd period - Eetu Luostarinen wins face-off versus Zach Stepan in Bears zone.
10:18 of 3rd period - Snap shot by Max Gortz.
10:18 of 3rd period - Shot Blocked by Emil Johansson.
10:21 of 3rd period - Icing by Nicolas Aube-Kubel.
10:22 of 3rd period - Zach Stepan wins face-off versus Cedric Paquette in Bears zone.
10:39 of 3rd period - Snap shot by Nicolas Aube-Kubel.
10:39 of 3rd period - Shot Blocked by Cedric Paquette.
10:41 of 3rd period - Wrist shot by Nicolas Aube-Kubel.
10:41 of 3rd period - Stopped by Connor Hellebyuk without a rebound.
10:42 of 3rd period - Sam Carrick wins face-off versus Adam Brooks in Penguins zone.
11:04 of 3rd period - Icing by Max Friberg.
11:05 of 3rd period - Cedric Paquette wins face-off versus Sam Carrick in Bears zone.
11:38 of 3rd period - Wrist shot by Iven Barbashev.
11:38 of 3rd period - Shot Misses the Net.
11:40 of 3rd period - Snap shot by Anthony Beauvillier.
11:40 of 3rd period - Shot Misses the Net.
11:42 of 3rd period - Snap shot by Iven Barbashev.
11:42 of 3rd period - Goal by Iven Barbashev - Bears : 1 - Penguins : 3.
11:43 of 3rd period - Kyle Connor wins face-off versus Sam Carrick in neutral zone.
11:54 of 3rd period - Kerby Rychel is hit by Andrew O'Brien and loses puck.
12:09 of 3rd period - Andrew O'Brien is hit by Nicolas Aube-Kubel and loses puck.
12:14 of 3rd period - Snap shot by Mike Hoffman.
12:14 of 3rd period - Shot Misses the Net.
12:16 of 3rd period - Slapshot by Nicolas Aube-Kubel.
12:16 of 3rd period - Stopped by Connor Hellebyuk without a rebound.
12:17 of 3rd period - Anthony Beauvillier wins face-off versus Sam Carrick in Penguins zone.
12:45 of 3rd period - Wrist shot by Mike Hoffman.
12:45 of 3rd period - Shot Blocked by Dakota Mermis.
12:47 of 3rd period - Wrist shot by Zach Stepan.
12:47 of 3rd period - Shot Blocked by Gavin Bayreuther.
12:49 of 3rd period - Slapshot by Mike Hoffman.
12:49 of 3rd period - Shot Hit the Post.
13:09 of 3rd period - Slapshot by Gavin Bayreuther.
13:09 of 3rd period - Shot Misses the Net.
13:30 of 3rd period - Snap shot by Jamie McGinn.
13:30 of 3rd period - Stopped by Connor Hellebyuk without a rebound.
13:31 of 3rd period - Cedric Paquette wins face-off versus Sam Carrick in Penguins zone.
13:31 of 3rd period - Cedric Paquette is hit by Gianluca Curcuruto.
13:44 of 3rd period - Minor Penalty to Kerby Rychel for Interference.
13:45 of 3rd period - Max Friberg wins face-off versus Cedric Paquette in Bears zone.
13:50 of 3rd period - Icing by Kyle Connor.
13:51 of 3rd period - Max Friberg wins face-off versus Cedric Paquette in Penguins zone.
14:15 of 3rd period - Mikko Vainonen is hit by Kyle Connor.
14:37 of 3rd period - Wrist shot by Kyle Connor.
14:37 of 3rd period - Shot Misses the Net.
14:39 of 3rd period - Slapshot by Cedric Paquette.
14:39 of 3rd period - Shot Misses the Net.
14:45 of 3rd period - Slapshot by Cedric Paquette.
14:45 of 3rd period - Deflect By Kyle Connor.
14:45 of 3rd period - Stopped by Jake Allen with a rebound.
14:47 of 3rd period - Slapshot by Andrew O'Brien.
14:47 of 3rd period - Stopped by Jake Allen without a rebound.
14:48 of 3rd period - Adam Brooks wins face-off versus Jamie McGinn in Bears zone.
14:53 of 3rd period - Snap shot by Anthony Beauvillier.
14:53 of 3rd period - Stopped by Jake Allen with a rebound.
14:55 of 3rd period - Slapshot by Gavin Bayreuther.
14:55 of 3rd period - Deflect By Jamie McGinn.
14:55 of 3rd period - Stopped by Jake Allen without a rebound.
14:56 of 3rd period - Adam Brooks wins face-off versus Jamie McGinn in Bears zone.
15:05 of 3rd period - Snap shot by Anthony Beauvillier.
15:05 of 3rd period - Shot Blocked by A.J. Jenks.
15:07 of 3rd period - Snap shot by Anthony Beauvillier.
15:07 of 3rd period - Shot Blocked by Derek Forbort.
15:09 of 3rd period - Snap shot by Dakota Mermis.
15:09 of 3rd period - Shot Misses the Net.
15:11 of 3rd period - Slapshot by Gavin Bayreuther.
15:11 of 3rd period - Shot Blocked by Derek Forbort.
15:44 of 3rd period - Penalty to Kerby Rychel is over, Kerby Rychel is back on ice.
15:45 of 3rd period - Snap shot by Kerby Rychel.
15:45 of 3rd period - Stopped by Connor Hellebyuk with a rebound.
16:13 of 3rd period - Minor Penalty to Max Gortz for Holding.
16:14 of 3rd period - Cedric Paquette wins face-off versus Sam Carrick in Penguins zone.
16:39 of 3rd period - Cedric Paquette is hit by Nicolas Aube-Kubel and loses puck.
18:13 of 3rd period - Penalty to Max Gortz is over, Max Gortz is back on ice.
18:30 of 3rd period - Wrist shot by Jamie McGinn.
18:30 of 3rd period - Shot Blocked by Christopher Tanev.
18:43 of 3rd period - Off-side.
18:44 of 3rd period - Adam Brooks wins face-off versus Angelo Esposito in neutral zone.
18:51 of 3rd period - Wrist shot by Anthony Beauvillier.
18:51 of 3rd period - Shot Misses the Net.
19:05 of 3rd period - Minor Penalty to Cedric Paquette for Interference.
19:06 of 3rd period - Sam Carrick wins face-off versus Iven Barbashev in Penguins zone.
19:07 of 3rd period - Wrist shot by Max Friberg.
19:07 of 3rd period - Stopped by Connor Hellebyuk without a rebound.
19:08 of 3rd period - Sam Carrick wins face-off versus Iven Barbashev in Penguins zone.
19:11 of 3rd period - Slapshot by Max Friberg.
19:11 of 3rd period - Shot Misses the Net.
19:13 of 3rd period - Wrist shot by Sam Carrick.
19:13 of 3rd period - Shot Blocked by Gavin Bayreuther.
19:15 of 3rd period - Slapshot by Mikko Vainonen.
19:15 of 3rd period - Stopped by Connor Hellebyuk with a rebound.
19:17 of 3rd period - Snap shot by Kerby Rychel.
19:17 of 3rd period - Shot Misses the Net.
19:52 of 3rd period - Off-side.
19:53 of 3rd period - Eetu Luostarinen wins face-off versus A.J. Jenks in neutral zone.
19:56 of 3rd period - Zach Stepan is hit by Eetu Luostarinen and loses puck.
Goals for this period are 0 for Bears vs 2 for Penguins.
Shots for this period are 11 for Bears vs 12 for Penguins.